 Dungeon Crawl Stone Soup version 0.27-a0-1334-g2746e35aca (webtiles) character file.

Game seed: 222629507817778432

44 hatdisgam the Covert (level 3, 0/35 HPs)
             Began as a Gnoll Delver on June 26, 2021.
             Was an Initiate of Wu Jian.
             Succumbed to a kobold's poison
             ... on level 1 of the Dungeon.
             The game lasted 00:02:32 (675 turns).

hatdisgam the Covert (Gnoll Delver)                  Turns: 675, Time: 00:02:33

Health: 0/35       AC:  3    Str: 11    XL:     3   Next: 62%
Magic:  13/13      EV: 13    Int: 10    God:    Wu Jian [......]
Gold:   12         SH:  0    Dex: 13    Spells: 3/3 levels left

rFire    . . .     SeeInvis .   a - +0 falchion
rCold    . . .     Faith    .   (no shield)
rNeg     . . .     Spirit   .   b - +0 leather armour
rPois    .         Reflect  .   (no helmet)
rElec    .         Harm     .   (no cloak)
rCorr    .         Rampage  .   (no gloves)
Will     .....                  (no boots)
Stlth    ++++......             (no amulet)
HPRegen  0.11/turn              f - ring of magical power
MPRegen  0.13/turn              (no ring)

@: lethally poisoned (0 -> -2)
A: fangs 1, strong nose, distributed training
a: Renounce Religion


You were on level 1 of the Dungeon.
You worshipped Wu Jian.
Wu Jian was noncommittal.
You visited 2 branches of the dungeon, and saw 6 of its levels.

You collected 12 gold pieces.

Inventory:

Hand Weapons
 a - a +0 falchion (weapon)
Armour
 b - a +0 leather armour (worn)
Jewellery
 f - a ring of magical power (left hand)
Wands
 g - a wand of digging (2)
Scrolls
 c - a scroll of fog
 d - a scroll of magic mapping
 e - a scroll of fear
 h - a scroll of teleportation {unknown}
 i - a scroll of identify {unknown}


   Skills:
 + Level 6.5 Fighting
 + Level 0.9 Short Blades
 + Level 4.5 Long Blades
 + Level 0.9 Axes
 + Level 0.9 Maces & Flails
 + Level 0.9 Polearms
 + Level 0.9 Staves
 + Level 0.9 Slings
 + Level 0.9 Bows
 + Level 0.9 Crossbows
 + Level 0.9 Throwing
 + Level 0.9 Armour
 + Level 4.5 Dodging
 + Level 9.5 Stealth
 + Level 0.9 Shields
 + Level 0.9 Unarmed Combat
 + Level 0.9 Spellcasting
 + Level 0.6 Conjurations
 + Level 0.6 Hexes
 + Level 0.6 Summonings
 + Level 0.6 Necromancy
 + Level 0.6 Translocations
 + Level 0.6 Transmutations
 + Level 0.6 Fire Magic
 + Level 0.6 Ice Magic
 + Level 0.6 Air Magic
 + Level 0.6 Earth Magic
 + Level 0.6 Poison Magic
 + Level 1.0 Invocations
 + Level 0.9 Evocations


You had 3 spell levels left.
You didn't know any spells.
Your spell library was empty.

Dungeon Overview and Level Annotations

Branches:
Dungeon (5/15)             Temple (1/1) D:4

Altars:
Wu Jian


Innate Abilities, Weirdness & Mutations

You have very sharp teeth.
Your uncanny sense of smell can sniff out nearby items.
Your experience applies equally to all skills.


Message History

You closely miss the kobold.
You feel very sick.
The kobold hits you with a +0 short sword of venom.
You are more poisoned.
The kobold hits you with a +0 short sword of venom.
You are lethally poisoned!
You closely miss the kobold.
You feel extremely sick. The kobold barely misses you.
You hit the kobold. Your bite misses the kobold.
The kobold is moderately wounded.
You feel very sick. The kobold barely misses you.
You riposte.
You hit the kobold but do no damage.
The kobold is moderately wounded.
You aren't carrying any potions.
Unknown command.
You hit the kobold.
The kobold is heavily wounded.
You feel very sick. The kobold misses you.
You hit the kobold.
You kill the kobold!
The Council accepts your kill.
* * * LOW HITPOINT WARNING * * *
You feel very sick.
* * * LOW HITPOINT WARNING * * *
You feel sick.
Things that are here:
a +0 short sword of venom; a stone; a kobold corpse
* * * LOW HITPOINT WARNING * * *
You feel sick.
There is an open door here.
* * * LOW HITPOINT WARNING * * *
You feel sick.
* * * LOW HITPOINT WARNING * * *
You feel sick.
* * * LOW HITPOINT WARNING * * *
You feel sick.
There is a stone staircase leading down here.
You die...

#..##.# ##.##.#
#.##.# #.##.#
#).#.#
########'#.#
#....†.....#
#........†.#####
#.........@....#
#............#.#
#............+
#............#
############.#
... ###


There were no monsters in sight!

Vanquished Creatures
  An orc priest (D:4)
  A dart slug (D:1)
  3 orcs (D:4)
  A ball python (D:1)
  A bat (D:1)
  An endoplasm (D:2)
  A kobold (D:1)
9 creatures vanquished.

Vanquished Creatures (others)
  A goblin (D:1)
  A bat (D:1)
2 creatures vanquished.

Grand Total: 11 creatures vanquished

Notes
Turn   | Place    | Note
-------+----------+-------------------------------------------
     0 | D:5      | Reached skill level 9 in Stealth
     0 | D:5      | hatdisgam the Gnoll Delver began the quest for the Orb.
     0 | D:5      | Reached XP level 1. HP: 23/23 MP: 1/1
     2 | D:5      | Found an ornate altar of the Wu Jian Council.
    10 | D:5      | Became a worshipper of the Wu Jian Council
    38 | D:4      | Found a staircase to the Ecumenical Temple.
    59 | D:4      | Noticed an orc priest
    67 | D:4      | Killed an orc priest
    68 | D:4      | Reached XP level 2. HP: 17/29 MP: 1/3
    68 | D:4      | Reached XP level 3. HP: 21/35 MP: 1/4
    92 | Temple   | Entered the Ecumenical Temple
   563 | D:2      | Reached skill level 1 in Invocations
   674 | D:1      | HP: 1/35 [poisoned by a kobold]
   675 | D:1      | Succumbed to a kobold's poison

Illustrated notes

Levels and vault maps discovered:
D:1:      dpeg_arrival_radiant, layout_basic, serial_shops, shop,
          lemuel_flame_loot_1
D:2:      layout_rooms, serial_shops, nicolae_shop_overgrown_old_shop,
          st_stairs_11, minivault_4, minmay_joined_circles
D:3:      layout_basic, chequers_temple_overflow_minitemple,
          hellmonk_ecumenical_altar_watching_god, serial_undead,
          serial_undead_e, serial_undead_f, serial_undead_a, serial_undead_a,
          serial_shops, shop
D:4:      layout_loops_cross, temple_fountains, uniq_grinder, uniq_robin
D:5:      layout_basic, nicolae_overflow_hidden_temple,
          nemelex_xobeh_ov_fountains_minmay, minmay_misc_feat_plants, uniq_ijyb,
          uniq_duvessa, uniq_menkaure, uniq_blork_the_orc
Temple:   eino_temple_scatter_basement

Skill      XL: |  1  2  3 |
---------------+----------+-----
Stealth        | |  9.5
Invocations    | 1 |  1.0
Fighting       | |  6.5
Short Blades   | |  0.9
Long Blades    | |  4.5
Axes           | |  0.9
Maces & Flails | |  0.9
Polearms       | |  0.9
Staves         | |  0.9
Slings         | |  0.9
Bows           | |  0.9
Crossbows      | |  0.9
Throwing       | |  0.9
Armour         | |  0.9
Dodging        | |  4.5
Shields        | |  0.9
Unarmed Combat | |  0.9
Spellcasting   | |  0.9
Conjurations   | |  0.6
Hexes          | |  0.6
Summonings     | |  0.6
Necromancy     | |  0.6
Translocations | |  0.6
Transmutations | |  0.6
Fire Magic     | |  0.6
Ice Magic      | |  0.6
Air Magic      | |  0.6
Earth Magic    | |  0.6
Poison Magic   | |  0.6
Evocations     | |  0.9

Action                   || total
-------------------------++-------
Melee: Falchion          ||    40
       Bite              ||     5
Invok: Lunge             ||     2
Evoke: Wand              ||     1
  Use: Potion            ||     1
 Stab: Sleeping          ||     2
Armor: Leather armour    ||     5
Dodge: Dodged            ||    29
       Rpst.: Falchion   ||    12

Table legend: (Time is in decaauts)
 A = Elapsed time spent in this place.
 B = Non-inter-level travel time spent in this place.
 C = Inter-level travel time spent in this place.
 D = Time resting spent in this place.
 E = Time spent auto-exploring this place.
 F = Levels seen in this place.
 G = Mean time per level.
                   A        B        C        D        E       F      G
               +--------+--------+--------+--------+--------+-----+--------+
         Total |    657 |    657 |      0 |    335 |    143 |   6 |  109.5 |
       Dungeon |    421 |    421 |      0 |    101 |    143 |   5 |   84.2 |
        Temple |    236 |    236 |      0 |    234 |      0 |   1 |  236.0 |
               +--------+--------+--------+--------+--------+-----+--------+

Top non-repeatable levels by time:
     D:4: 243 daAuts
  Temple: 236 daAuts
     D:1: 69 daAuts
     D:2: 53 daAuts
     D:3: 28 daAuts
     D:5: 27 daAuts
